AoeStats
← Dirkhvh

Hideout

508091406Analyzed
1v1 RM · 13d ago on Sep 20, 2026· 40m 21s· 2 players
Game mode
Random Map
Map size
Tiny (2 player)
Population
200
Speed
Normal
Resources
Standard
Victory
Conquest
Starting age
Dark Age
Ending age
Imperial Age
RankedLock teamsTeams togetherTeam positionsShared explorationLock speedFull tech treeHidden civsTurbo modeCheats
Victory
Defeat
🇨🇱 Khmer · Chile
538
+18
🇺🇸 Magyars · United States
575
-18
peskdity
11:13 Feudal Age
11:42 Town Watch
12:51 Horse Collar
12:59 Double-Bit Axe
14:53 Wheelbarrow
15:38 Bloodlines
16:58 Forging
22:11 Castle Age
21:43 Fletching
22:58 Heavy Plow
22:23 Light Cavalry
23:04 Husbandry
23:15 Town Patrol
24:59 Hand Cart
27:43 Scale Barding Armor
27:37 Gold Mining
29:39 Bodkin Arrow
32:42 Pikeman
33:09 Arson
37:38 Chain Barding Armor
37:53 Iron Casting
37:29 Loom
39:06 Gold Shaft Mining
Dirkhvh
10:17 Feudal Age
10:39 Horse Collar
10:46 Double-Bit Axe
23:32 Castle Age
23:03 Bloodlines
23:55 Light Cavalry
25:54 Bow Saw
25:46 Heavy Plow
28:34 Husbandry
35:12 Pikeman
37:19 Corvinian Army
38:08 Scale Barding Armor
Connection lost

Rejoining the realm…

Still unreachable

The connection could not be restored.

Session expired

The server has moved on; the page needs a fresh start.